[Event "Monday 02 April Rapid Engine Tour 12+1 Rounds 9 Starts 1600ST"]
[Site "Infinity Chess"]
[Date "2018.4.2"]
[Round "3"]
[White "KhalidOmar"]
[Black "Marsell"]
[Result "1/2-1/2"]
[ECO "D02"]
[WhiteElo "2448"]
[BlackElo "2454"]
[WhiteEngine "Eman 1.70-beta13 64-bit BMI2"]
[BlackEngine "asmFishW_2018-04-02_bmi2"]
[EventType "Swiss"]
[WhiteTeam ""]
[BlackTeam ""]
[PlyCount "89"]
[TimeControl "720+1"]

1. d4 d5 2. Nf3 Nf6 3. c4 e6 4. Nc3 c6 5. Bg5 h6 6. Bxf6 Qxf6 7. e3 Nd7 
8. Bd3 dxc4 9. Bxc4 g6 10. O-O Bg7 11. e4 e5 12. d5 Nb6 13. Bb3 Bg4 14. Re1 Bxf3 
15. Qxf3 Qxf3 16. gxf3 O-O 17. dxc6 bxc6 18. Rac1 Rfc8 19. Red1 Bf8 20. Na4 Rc7 
21. Rc2 c5 22. Bd5 Rb8 23. Nxb6 axb6 24. a4 Rd7 25. Rc3 Ra8 26. Ra1 Raa7 
27. Rb3 Rd6 28. Rb5 Kg7 29. Kf1 Be7 30. a5 bxa5 31. Rbxa5 Rxa5 32. Rxa5 Rd7 
33. Ra6 h5 34. Rc6 Ra7 35. Kg1 Rd7 36. Kg2 Ra7 37. Kh3 Rd7 38. Kg3 Ra7 
39. b3 Ra1 40. Rc7 Rg1+ 41. Kh3 Kf8 42. Rc8+ Kg7 43. Rc7 Kf8 44. Rc8+ Kg7 
45. Rc7 1/2-1/2

[Event "Monday 02 April Rapid Engine Tour 12+1 Rounds 9 Starts 1600ST"]
[Site "Infinity Chess"]
[Date "2018.4.2"]
[Round "3"]
[White "Macho"]
[Black "KULLANI"]
[Result "1/2-1/2"]
[ECO "B90"]
[WhiteElo "2457"]
[BlackElo "2449"]
[WhiteEngine "Cfish 2018-04-01 64 POPC_CTG"]
[BlackEngine "BrainFish_180329_x64"]
[EventType "Swiss"]
[WhiteTeam ""]
[BlackTeam ""]
[PlyCount "157"]
[TimeControl "720+1"]

1. e4 c5 2. Nf3 d6 3. d4 cxd4 4. Nxd4 Nf6 5. Nc3 a6 6. Be3 e5 7. Nb3 Be6 
8. f3 h5 9. Qd2 Nbd7 10. Nd5 Nxd5 11. exd5 Bf5 12. Na5 Qc7 13. c4 Be7 
14. b4 Bh4+ 15. g3 Bd8 16. Be2 Bh3 17. Rc1 O-O 18. c5 Nf6 19. Nc4 Qd7 
20. Nxd6 Be7 21. Ne4 Nxd5 22. Kf2 Be6 23. Rhd1 Rad8 24. Qb2 Qc7 25. Bd2 Kh8 
26. Bc3 f6 27. Kg1 Ne3 28. Re1 Nd5 29. Red1 Bg8 30. a3 h4 31. Kh1 Bf7 
32. Kg1 Bg8 33. Kh1 Qc8 34. Rg1 Nxc3 35. Rxc3 f5 36. Nd6 Bxd6 37. cxd6 Qe6 
38. Rc4 Bf7 39. Rxh4+ Kg8 40. g4 Qf6 41. g5 Qxd6 42. g6 Bxg6 43. Rh3 Rd7 
44. Rhg3 Rf6 45. b5 Be8 46. Bc4+ Kf8 47. Rh3 Bf7 48. Rh8+ Ke7 49. Bxf7 Kxf7 
50. Qc2 Qd3 51. Qa2+ Ke7 52. Rxg7+ Kd6 53. Rxd7+ Kxd7 54. Rh7+ Kd6 55. Qf2 Qxb5 
56. Qd2+ Kc6 57. h4 Qf1+ 58. Kh2 Qxf3 59. Qd7+ Kc5 60. Qc7+ Rc6 61. Qxe5+ Qd5 
62. Qc3+ Kb6 63. Qb4+ Qb5 64. Qxb5+ axb5 65. h5 f4 66. Rf7 Rc3 67. h6 Rxa3 
68. Rxf4 Ra8 69. Kg3 Rh8 70. Rh4 Ka5 71. Kf4 b4 72. Ke3 b3 73. Kd3 Rc8 
74. Rh2 Rc7 75. h7 b2 76. Rxb2 Rxh7 77. Kc3 Rh3+ 78. Kc4 Rh4+ 79. Kc3 1/2-1/2

[Event "Monday 02 April Rapid Engine Tour 12+1 Rounds 9 Starts 1600ST"]
[Site "Infinity Chess"]
[Date "2018.4.2"]
[Round "3"]
[White "fati64"]
[Black "OlivierEvan"]
[Result "0-1"]
[ECO "B06"]
[WhiteElo "2465"]
[BlackElo "2459"]
[WhiteEngine "S_XPrO .64"]
[BlackEngine "Houdini 6"]
[EventType "Swiss"]
[WhiteTeam ""]
[BlackTeam ""]
[PlyCount "196"]
[TimeControl "720+1"]

1. e4 g6 2. d4 Bg7 3. Nc3 d6 4. Nf3 a6 5. Bc4 e6 6. O-O b5 7. Bd3 Bb7 8. Re1 Nd7 
9. a4 b4 10. Ne2 Ngf6 11. Ng3 c5 12. c3 O-O 13. a5 Qc7 14. h3 Rfc8 15. Bg5 h6 
16. Bd2 bxc3 17. bxc3 Rab8 18. Qe2 Ra8 19. Be3 Rcb8 20. Qd2 Kh7 21. Qa2 Bc6 
22. Bf4 Rc8 23. Rac1 Kg8 24. Nf1 c4 25. Bb1 e5 26. Bh2 Bb5 27. Ne3 Re8 
28. Bc2 Rab8 29. Rcd1 Bf8 30. Rb1 Bg7 31. Bg3 Bf8 32. Qa1 Rbc8 33. Rb4 Qb7 
34. d5 Nh5 35. Bh4 Nf4 36. Reb1 Nc5 37. Nd2 Be7 38. Bxe7 Qxe7 39. Rxb5 axb5 
40. Rxb5 Qg5 41. Kh1 Rb8 42. Rxb8 Rxb8 43. Ndxc4 Qh4 44. Kg1 Qf6 45. Qd1 h5 
46. Nb6 h4 47. Qg4 Qd8 48. Nec4 Kg7 49. Kh2 Rb7 50. Ne3 Rc7 51. Nbc4 Kf8 
52. Qd1 Ra7 53. Qc1 Ra8 54. Qb1 Kg7 55. Qb5 Nh5 56. Qc6 Ra6 57. Qb5 Nf6 
58. Nb6 Ra7 59. Qb4 Nb7 60. Nbc4 Qc7 61. f3 Ra6 62. Bd3 Ra8 63. Bc2 Nh5 
64. Ng4 Rb8 65. Nge3 Qd8 66. Kg1 Nc5 67. Qa3 Nf4 68. Kf1 Qg5 69. Ng4 Qe7 
70. Nge3 Qa7 71. Bd1 Rb5 72. a6 Rb8 73. Bc2 Qc7 74. Qa1 Ra8 75. Qe1 Qe7 
76. a7 Rxa7 77. Kg1 Ra2 78. Kh1 Na4 79. Bxa4 Rxa4 80. Nb2 Ra2 81. Ned1 Qg5 
82. Qd2 Ra1 83. c4 Qg3 84. c5 dxc5 85. d6 c4 86. d7 c3 87. d8=Q cxd2 
88. Qxd2 Rb1 89. Kg1 Nxh3+ 90. Kf1 Qh2 91. Qd7 Nf4 92. Qh3 Nxh3 93. Ke2 Qxg2+ 
94. Kd3 Rc1 95. Nc3 Qxb2 96. Kc4 Rxc3+ 97. Kd5 Qd2+ 98. Kxe5 Rc5# 0-1

[Event "Monday 02 April Rapid Engine Tour 12+1 Rounds 9 Starts 1600ST"]
[Site "Infinity Chess"]
[Date "2018.4.2"]
[Round "3"]
[White "KRAKEN"]
[Black "Gilgamesch"]
[Result "1/2-1/2"]
[ECO "D31"]
[WhiteElo "2463"]
[BlackElo "2477"]
[WhiteEngine "Raubfisch X38_CTG"]
[BlackEngine "BrainFish_180401_x64_bmi2"]
[EventType "Swiss"]
[WhiteTeam ""]
[BlackTeam ""]
[PlyCount "102"]
[TimeControl "720+1"]

1. d4 d5 2. c4 e6 3. Nc3 c6 4. e3 Nd7 5. Bd3 dxc4 6. Bxc4 b5 7. Be2 Bb7 
8. Nf3 Ngf6 9. O-O Be7 10. a3 a5 11. b3 b4 12. axb4 axb4 13. Na4 O-O 14. Bb2 c5 
15. Nd2 cxd4 16. Bxd4 Qb8 17. Nc4 Rd8 18. Qc2 Bd5 19. Bd3 Ng4 20. g3 g6 
21. Be2 Ngf6 22. f3 Ne8 23. Rfd1 Rc8 24. Qd2 Bxc4 25. Bxc4 Nd6 26. Bd3 Rd8 
27. Qe2 Nf5 28. Bxf5 exf5 29. Rac1 Qb7 30. Kg2 Rac8 31. Nb2 Nf8 32. Rxc8 Qxc8 
33. Nc4 Ne6 34. Be5 Nc5 35. Qc2 Rxd1 36. Qxd1 Qe6 37. h3 Qa6 38. Qc2 Qc6 
39. Qd1 Qa8 40. Qb1 Ne6 41. Qc2 Ng5 42. Qe2 Ne6 43. Qd2 Ng5 44. Qe2 Ne6 
45. Qc2 Qd5 46. h4 f6 47. Bb2 Kg7 48. Nb6 Qb5 49. Nc4 Qd5 50. Nb6 Qb5 
51. Nc4 Qd5 1/2-1/2

[Event "Monday 02 April Rapid Engine Tour 12+1 Rounds 9 Starts 1600ST"]
[Site "Infinity Chess"]
[Date "2018.4.2"]
[Round "3"]
[White "Brtroy"]
[Black "Eman"]
[Result "1/2-1/2"]
[ECO "E10"]
[WhiteElo "2508"]
[BlackElo "2506"]
[WhiteEngine "Stockfish_18040103_x64_bmi2_CTG"]
[BlackEngine "Eman 1.70-beta13 64-bit POPCNT"]
[EventType "Swiss"]
[WhiteTeam ""]
[BlackTeam ""]
[PlyCount "63"]
[TimeControl "720+1"]

1. d4 Nf6 2. c4 e6 3. Nf3 d5 4. Nc3 c6 5. e3 Nbd7 6. Bd3 dxc4 7. Bxc4 b5 
8. Bd3 Bb7 9. O-O a6 10. e4 c5 11. d5 Qc7 12. dxe6 fxe6 13. Bc2 Bd6 14. Ng5 Nf8 
15. f4 O-O-O 16. Qe2 h6 17. Nf3 Bxf4 18. e5 Bxf3 19. Qxf3 Bxe5 20. Qa8+ Kd7 
21. Qxa6 Bxh2+ 22. Kh1 Ke7 23. Be3 Qe5 24. Rf3 b4 25. Nb5 Bg3 26. Kg1 Kf7 
27. Raf1 Kg8 28. Na7 Bh2+ 29. Kh1 Bg3 30. Kg1 Bh2+ 31. Kh1 Bg3 32. Kg1 1/2-1/2

[Event "Monday 02 April Rapid Engine Tour 12+1 Rounds 9 Starts 1600ST"]
[Site "Infinity Chess"]
[Date "2018.4.2"]
[Round "3"]
[White "MCDermont"]
[Black "MarioDeMonti"]
[Result "1/2-1/2"]
[ECO "E32"]
[WhiteElo "2510"]
[BlackElo "2513"]
[WhiteEngine "BrainFish 010418 WM_CTG"]
[BlackEngine "stockfish_x64_bmi2_2018_02_18_CTG"]
[EventType "Swiss"]
[WhiteTeam ""]
[BlackTeam ""]
[PlyCount "94"]
[TimeControl "720+1"]

1. d4 Nf6 2. c4 e6 3. Nc3 Bb4 4. Qc2 O-O 5. e4 d5 6. e5 Ne4 7. Bd3 c5 
8. Nf3 cxd4 9. Nxd4 Nd7 10. Bf4 Qh4 11. g3 Qh5 12. O-O g5 13. cxd5 Bxc3 
14. bxc3 exd5 15. Bxe4 dxe4 16. e6 gxf4 17. exd7 Bxd7 18. Qxe4 fxg3 19. fxg3 Bh3 
20. Rf3 Rfe8 21. Qxb7 Rab8 22. Qc6 Qg5 23. Rf2 Rbc8 24. Qf3 Rc7 25. g4 Qe3 
26. Qxe3 Rxe3 27. Rf4 Rcxc3 28. Kf2 Red3 29. Re1 Rd2+ 30. Re2 Rxe2+ 31. Nxe2 Rc2 
32. a4 a5 33. Kf3 Bf1 34. Ng3 Bg2+ 35. Ke3 Bc6 36. Nf5 Bd7 37. Nh6+ Kg7 
38. Rxf7+ Kxh6 39. Rxd7 Rxh2 40. g5+ Kxg5 41. Rd5+ Kh6 42. Rd1 Rh3+ 43. Kf4 Rh4+ 
44. Kg3 Rxa4 45. Rd6+ Kg5 46. Rd7 Ra3+ 47. Kg2 h6 1/2-1/2

[Event "Monday 02 April Rapid Engine Tour 12+1 Rounds 9 Starts 1600ST"]
[Site "Infinity Chess"]
[Date "2018.4.2"]
[Round "3"]
[White "ivrdurant"]
[Black "Murx"]
[Result "1/2-1/2"]
[ECO "C50"]
[WhiteElo "2445"]
[BlackElo "2494"]
[WhiteEngine "Raubfisch ME262_GTZ16d4"]
[BlackEngine "BrainFish_180329_x64_modern"]
[EventType "Swiss"]
[WhiteTeam ""]
[BlackTeam ""]
[PlyCount "87"]
[TimeControl "720+1"]

1. e4 e5 2. Nf3 Nc6 3. Bc4 Bc5 4. O-O Nf6 5. d3 d6 6. c3 a5 7. Re1 O-O 
8. Nbd2 h6 9. Nf1 Be6 10. Bb5 Ne7 11. h3 Ba7 12. Ng3 c6 13. Ba4 b5 14. Bc2 a4 
15. d4 Ng6 16. Bd2 Bb6 17. Be3 Re8 18. b3 axb3 19. axb3 Rxa1 20. Qxa1 Qc7 
21. b4 Qb7 22. Qb1 Ra8 23. Bb3 Bxb3 24. Qxb3 exd4 25. Bxd4 Bxd4 26. Nxd4 d5 
27. Qb1 dxe4 28. Nxe4 Nd5 29. Nc5 Qc8 30. Qd3 Ra3 31. Ne4 Ngf4 32. Qf3 Qc7 
33. Rd1 g6 34. g3 Nxh3+ 35. Kh2 Ng5 36. Nxg5 Rxc3 37. Qxf7+ Qxf7 38. Nxf7 Kxf7 
39. Nxc6 Ne7 40. Nd8+ Kf8 41. Ne6+ Kf7 42. Nd8+ Ke8 43. Ne6 Kf7 44. Nd8+ 1/2-1/2

[Event "Monday 02 April Rapid Engine Tour 12+1 Rounds 9 Starts 1600ST"]
[Site "Infinity Chess"]
[Date "2018.4.2"]
[Round "3"]
[White "xeonrocks"]
[Black "SkyPilot"]
[Result "1/2-1/2"]
[ECO "C50"]
[WhiteElo "2557"]
[BlackElo "2503"]
[WhiteEngine "Stockfish_x64_bmi2_CTG"]
[BlackEngine "stockfish_x64_bmi2_2018_03_30_CTG"]
[EventType "Swiss"]
[WhiteTeam ""]
[BlackTeam ""]
[PlyCount "250"]
[TimeControl "720+1"]

1. e4 e5 2. Nf3 Nc6 3. Bc4 Bc5 4. d3 Nf6 5. O-O d6 6. c3 O-O 7. Re1 Bb6 8. h3 a5 
9. a4 h6 10. Nbd2 Nh5 11. Nf1 Be6 12. b3 Qf6 13. Ra2 Rad8 14. Ng5 Nf4 
15. Nxe6 fxe6 16. Bxf4 exf4 17. d4 Kh8 18. Nh2 e5 19. Rd2 Qe7 20. Bd5 Nb8 
21. Qg4 c6 22. Be6 Rf6 23. Bc4 Nd7 24. Nf3 Bc7 25. h4 g6 26. Red1 Re8 
27. Rb2 Qg7 28. b4 axb4 29. Rxb4 b6 30. Qh3 Rff8 31. d5 c5 32. Rb2 Nf6 
33. Nd2 Ra8 34. Bb5 Rf7 35. Rbb1 Rg8 36. Ba6 Qf8 37. Re1 Rh7 38. Kf1 Bd8 
39. Ke2 f3+ 40. gxf3 Nh5 41. Kd1 Nf4 42. Qh1 Ra7 43. Bb5 Rf7 44. Rg1 Kh7 
45. Kc1 Nh5 46. Bc6 Rgg7 47. Kc2 Nf4 48. Bb5 Kg8 49. Rgd1 Kh7 50. Rg1 Rb7 
51. Rbe1 Rbc7 52. Rb1 Rb7 53. Kb2 Kg8 54. Nc4 Rbf7 55. Nd2 Rf6 56. Rg4 Rff7 
57. Rgg1 Nh5 58. Kb3 Nf4 59. Ka3 Nh5 60. Kb3 Kh7 61. Kc2 Nf4 62. Rb2 Nh5 
63. Kb3 Nf4 64. Ka2 Bf6 65. Rb3 Ra7 66. Kb1 Bd8 67. Ka2 Bf6 68. Kb1 Rgf7 
69. Bc6 Bd8 70. Kc2 Rg7 71. Nc4 Nh5 72. Bb5 Raf7 73. Nd2 Bf6 74. Bc6 Bd8 
75. Bb5 Nf4 76. Rb2 Rg8 77. Rbb1 Bc7 78. Nf1 Qc8 79. Ng3 Nh3 80. Rgf1 h5 
81. Nf5 Rxf5 82. exf5 Qxf5+ 83. Bd3 Qd7 84. Rb5 Nf4 85. Be4 Ra8 86. Ra1 Kh6 
87. c4 Bd8 88. Kb2 Ra7 89. a5 bxa5 90. Ka3 a4 91. Rb8 Bc7 92. Rf8 Qg7 
93. Re8 Ba5 94. Qc1 Re7 95. Rb8 Rb7 96. Rxb7 Qxb7 97. Qb2 Bb4+ 98. Ka2 Qf7 
99. Rg1 Kg7 100. Qc2 a3 101. Qd1 Qb7 102. Qc1 Qe7 103. Rg5 Qf7 104. Qd1 Qe8 
105. Qb3 Qd7 106. Qc2 Qe8 107. Rg3 Qf7 108. Rg1 Qe8 109. Bd3 Qf7 110. Be4 Qe8 
111. Qb1 Qf7 112. Bd3 Qf6 113. Qc2 Nxd3 114. Qxd3 e4 115. Qe2 exf3 116. Qc2 Kh7 
117. Rh1 Kg7 118. Rg1 Kh6 119. Kb3 Kg7 120. Rg3 Kf7 121. Rg1 Kg7 122. Qe4 Qb2+ 
123. Ka4 Qf6 124. Qc2 Kf7 125. Kb3 Kg7 1/2-1/2

[Event "Monday 02 April Rapid Engine Tour 12+1 Rounds 9 Starts 1600ST"]
[Site "Infinity Chess"]
[Date "2018.4.2"]
[Round "2"]
[White "Dovahkiin"]
[Black "IronMan"]
[Result "1/2-1/2"]
[ECO "B90"]
[WhiteElo "2376"]
[BlackElo "2455"]
[WhiteEngine "BrainFish_180329_x64_modern_CTG"]
[BlackEngine "Eman 1.70-beta13 64-bit BMI2"]
[EventType "Swiss"]
[WhiteTeam ""]
[BlackTeam ""]
[PlyCount "42"]
[TimeControl "720+1"]

1. e4 c5 2. Nf3 d6 3. d4 cxd4 4. Nxd4 Nf6 5. Nc3 a6 6. Nb3 g6 7. Be2 Nbd7 
8. g4 b5 9. g5 b4 10. Na4 Nh5 11. a3 a5 12. Qd5 Ba6 13. Bxa6 Rxa6 14. axb4 axb4 
15. Qb5 Qc8 16. Nac5 Rxa1 17. Nxd7 Qxd7 18. Qb8+ Qd8 19. Qb5+ Qd7 20. Qb8+ Qd8 
21. Qb5+ Qd7 1/2-1/2

[Event "Monday 02 April Rapid Engine Tour 12+1 Rounds 9 Starts 1600ST"]
[Site "Infinity Chess"]
[Date "2018.4.2"]
[Round "2"]
[White "Vimtiroba"]
[Black "Thinker"]
[Result "1/2-1/2"]
[ECO "C53"]
[WhiteElo "2445"]
[BlackElo "2463"]
[WhiteEngine "SF9 ''A1''_CTG"]
[BlackEngine "BrainFish_180329_x64_modern_CTG"]
[EventType "Swiss"]
[WhiteTeam ""]
[BlackTeam ""]
[PlyCount "188"]
[TimeControl "720+1"]

1. e4 e5 2. Nf3 Nc6 3. Bc4 Bc5 4. c3 Nf6 5. d3 d6 6. O-O O-O 7. h3 a6 8. Re1 Ba7 
9. a4 h6 10. Nbd2 Re8 11. Bb3 Be6 12. Bxe6 Rxe6 13. b4 d5 14. Qc2 d4 
15. Bb2 dxc3 16. Bxc3 a5 17. b5 Nb4 18. Bxb4 axb4 19. Nc4 Nd7 20. a5 Bc5 
21. Reb1 Qe8 22. Ncd2 b6 23. Nb3 Bf8 24. Rc1 bxa5 25. Rxa5 Rxa5 26. Nxa5 Rb6 
27. Qxc7 Rxb5 28. Nb3 Rb8 29. g3 Rd8 30. Kg2 Ra8 31. Rc4 Ra3 32. Nfd2 Nf6 
33. Qb7 Ra8 34. Kf1 Rd8 35. Ke2 Nd7 36. Qc7 Ra8 37. Rc6 Be7 38. Nc4 Bf8 
39. Qb7 Rb8 40. Qc7 Ra8 41. Kf1 Kh7 42. Qb7 Rb8 43. Qc7 Ra8 44. h4 Kg8 
45. Ke1 Kh7 46. Ke2 Kg8 47. Ncd2 Rb8 48. Qa7 Ra8 49. Qb7 Rb8 50. Qa6 Ra8 
51. Qc4 Rb8 52. Nf1 Nb6 53. Qb5 Nd7 54. Qa6 Rd8 55. Rc7 Nb8 56. Qb7 Bd6 
57. Rc1 Bf8 58. Ne3 Qa4 59. Qc7 Re8 60. Qc4 Rd8 61. Kf1 Rd6 62. Ra1 Qe8 
63. Qxb4 Rxd3 64. Qc4 Rd8 65. Nd5 Qc6 66. Rc1 Qxc4+ 67. Rxc4 h5 68. Na5 Na6 
69. Nc6 Re8 70. Kg2 Nc5 71. f3 Kh7 72. Rc2 f6 73. Ra2 Rc8 74. Nce7 Bxe7 
75. Nxe7 Rc7 76. Nf5 Rb7 77. Rc2 Rb5 78. Nd6 Rb6 79. Rxc5 Rxd6 80. f4 Rd2+ 
81. Kf3 Rd3+ 82. Kf2 exf4 83. gxf4 Kg6 84. e5 Rd4 85. Ke3 fxe5 86. Rxe5 Rc4 
87. Rg5+ Kh6 88. f5 Rxh4 89. Rg6+ Kh7 90. Kf3 Rh1 91. Rg5 h4 92. Kg4 h3 
93. Rh5+ Kg8 94. Rxh3 Re1 1/2-1/2

[Event "Monday 02 April Rapid Engine Tour 12+1 Rounds 9 Starts 1600ST"]
[Site "Infinity Chess"]
[Date "2018.4.2"]
[Round "2"]
[White "Mr Aj"]
[Black "CrapCleaner"]
[Result "1/2-1/2"]
[ECO "A06"]
[WhiteElo "2439"]
[BlackElo "2405"]
[WhiteEngine "Houdini 6"]
[BlackEngine "Raubfisch ME262_GTZ16e2_CTG"]
[EventType "Swiss"]
[WhiteTeam ""]
[BlackTeam ""]
[PlyCount "176"]
[TimeControl "720+1"]

1. Nf3 d5 2. d4 Nf6 3. c4 e6 4. Nc3 dxc4 5. e4 Bb4 6. Bg5 c5 7. Bxc4 cxd4 
8. Nxd4 Bxc3+ 9. bxc3 Qa5 10. Bb5+ Nbd7 11. Bxf6 Qxc3+ 12. Kf1 gxf6 13. h4 Qb4 
14. Rh3 a6 15. Be2 O-O 16. Rb1 Qe7 17. Rc3 Nc5 18. Qc2 e5 19. Rxc5 exd4 
20. Rh5 Kh8 21. Qd2 Rg8 22. Qxd4 Be6 23. a4 Rac8 24. g3 Qd8 25. Qe3 Qc7 
26. Kg2 Qc2 27. Bd3 Qxa4 28. Qh6 Rg7 29. Qxf6 Qc6 30. Qf4 Rg6 31. Re5 b5 
32. h5 Rg4 33. Qf6+ Rg7 34. Kg1 Bg4 35. Qf4 Qc3 36. Rd5 Bxh5 37. Kh2 f6 
38. Bxb5 Qf3 39. Bxa6 Rc2 40. Rd8+ Rg8 41. Rxg8+ Kxg8 42. Kg1 Qxf4 43. gxf4 Bf3 
44. Re1 Rc3 45. Bf1 h5 46. Bg2 Bg4 47. Re3 Rxe3 48. fxe3 h4 49. Kf2 Kg7 
50. Bf3 Be6 51. Be2 Bd7 52. Kg1 Kh6 53. Ba6 Bg4 54. Bc4 Kg6 55. Kf2 Bd7 
56. Kf3 Kh5 57. Bf1 Bc8 58. Kg2 Be6 59. Kh2 Kh6 60. Be2 Bd7 61. Bf3 Kg6 
62. Kg2 Kg7 63. Bh5 Kh6 64. Bf7 Kg7 65. Bc4 Bg4 66. Kh2 Kg6 67. Bb3 Kh5 
68. Bf7+ Kh6 69. Ba2 Bd7 70. Bg8 Kg7 71. Bb3 Kh6 72. Bd1 Kg7 73. Bc2 Bg4 
74. Bb3 Kg6 75. Ba4 Kg7 76. Bb5 Kg6 77. Bc4 Kh6 78. Bf7 Kg7 79. Be8 Kh6 
80. Bc6 Kg6 81. Be8+ Kh6 82. Bc6 Kh5 83. e5 fxe5 84. fxe5 Kg5 85. Bd5 Kf5 
86. e4+ Kg6 87. e6 Kf6 88. e7 Kxe7 1/2-1/2

[Event "Monday 02 April Rapid Engine Tour 12+1 Rounds 9 Starts 1600ST"]
[Site "Infinity Chess"]
[Date "2018.4.2"]
[Round "2"]
[White "angriff"]
[Black "beka"]
[Result "1/2-1/2"]
[ECO "B92"]
[WhiteElo "2390"]
[BlackElo "2373"]
[WhiteEngine "DracoREX 3.07 64BIT POPCNT_CTG"]
[BlackEngine "stockfish_18032408_32bit"]
[EventType "Swiss"]
[WhiteTeam ""]
[BlackTeam ""]
[PlyCount "99"]
[TimeControl "720+1"]

1. e4 c5 2. Nf3 d6 3. d4 cxd4 4. Nxd4 Nf6 5. Nc3 a6 6. Be2 e5 7. Nb3 Be7 
8. Be3 Be6 9. Qd3 O-O 10. O-O Nc6 11. a3 Rc8 12. Nd5 Nd7 13. h3 Bg5 14. Bg4 Bxg4 
15. hxg4 Bxe3 16. Nxe3 Qg5 17. Qd2 Nf6 18. f3 h5 19. Nd5 Qg6 20. Nxf6+ gxf6 
21. gxh5 Qxh5 22. Kf2 Qh4+ 23. Ke2 d5 24. Rh1 Qg3 25. Rag1 dxe4 26. c3 Nd8 
27. Qh6 Qg7 28. Nd2 Qxh6 29. Rxh6 Kg7 30. Rh3 f5 31. g4 exf3+ 32. Nxf3 f4 
33. Rgh1 e4 34. Ne5 Re8 35. Rh7+ Kf6 36. R7h6+ Kg7 37. Rh7+ Kf6 38. R7h6+ Kg7 
39. Nd7 Rc6 40. Rh7+ Kg6 41. R1h4 f6 42. R4h6+ Kg5 43. Rh5+ Kg6 44. R5h6+ Kg5 
45. Rh1 Rg8 46. c4 Kg6 47. R1h6+ Kg5 48. Rh1 Kg6 49. R1h6+ Kg5 50. Rh1 1/2-1/2

[Event "Monday 02 April Rapid Engine Tour 12+1 Rounds 9 Starts 1600ST"]
[Site "Infinity Chess"]
[Date "2018.4.2"]
[Round "2"]
[White "KQRBNP"]
[Black "star99"]
[Result "1/2-1/2"]
[ECO "E15"]
[WhiteElo "2405"]
[BlackElo "2401"]
[WhiteEngine "Eman 1.70-beta13 64-bit POPCNT"]
[BlackEngine "Cryptic Heroes 9.2B"]
[EventType "Swiss"]
[WhiteTeam ""]
[BlackTeam ""]
[PlyCount "91"]
[TimeControl "720+1"]

1. d4 Nf6 2. c4 e6 3. Nf3 b6 4. g3 Ba6 5. b3 d5 6. Bg2 Bb4+ 7. Bd2 Be7 
8. cxd5 Nxd5 9. Nc3 O-O 10. O-O Nd7 11. Re1 c5 12. Rc1 Nxc3 13. Bxc3 Rc8 
14. Bb2 Bb7 15. Qd2 cxd4 16. Nxd4 Bxg2 17. Kxg2 Nc5 18. Nf3 Qxd2 19. Nxd2 Rfd8 
20. Red1 g5 21. Nc4 Kf8 22. g4 Rxd1 23. Rxd1 Ke8 24. h3 Rc7 25. Kf3 Nd7 
26. Rc1 f6 27. Ne3 Rxc1 28. Bxc1 Kf7 29. Ke4 Kg6 30. Ng2 Bd8 31. f4 f5+ 
32. Kf3 Nc5 33. fxg5 Bxg5 34. Bxg5 Kxg5 35. h4+ Kg6 36. Nf4+ Kf6 37. g5+ Kf7 
38. Nd3 Nxd3 39. exd3 Kg6 40. d4 Kh5 41. Kg3 a5 42. a4 Kg6 43. Kf3 Kh5 
44. Kg3 Kg6 45. Kf4 Kh5 46. Kg3 1/2-1/2

[Event "Monday 02 April Rapid Engine Tour 12+1 Rounds 9 Starts 1600ST"]
[Site "Infinity Chess"]
[Date "2018.4.2"]
[Round "2"]
[White "hafaba"]
[Black "ivrdurant"]
[Result "0-1 "]
[ECO "C50"]
[WhiteElo "2407"]
[BlackElo "2430"]
[WhiteEngine "Eman 1.70-beta13 64-bit POPCNT_CTG"]
[BlackEngine "Raubfisch ME262_GTZ16d4"]
[EventType "Swiss"]
[WhiteTeam ""]
[BlackTeam ""]
[PlyCount "44"]
[TimeControl "720+1"]

1. e4 e5 2. Nf3 Nc6 3. Bc4 Bc5 4. d3 Nf6 5. c3 a5 6. O-O d6 7. Bg5 Ba7 
8. Nbd2 Bd7 9. Re1 h6 10. Bh4 g5 11. Bg3 h5 12. h4 Nh7 13. Nf1 g4 14. N3h2 Nf8 
15. Bb5 Ng6 16. d4 exd4 17. Rc1 Nxh4 18. cxd4 Ng6 19. e5 d5 20. Qd2 Bb6 
21. Bxc6 bxc6 22. Bf4 Nxf4 0-1

[Event "Monday 02 April Rapid Engine Tour 12+1 Rounds 9 Starts 1600ST"]
[Site "Infinity Chess"]
[Date "2018.4.2"]
[Round "2"]
[White "ocirema"]
[Black "RonWeasley"]
[Result "1/2-1/2"]
[ECO "C11"]
[WhiteElo "2433"]
[BlackElo "2442"]
[WhiteEngine "stockfish_18040103_x64_modern_CTG"]
[BlackEngine "BrainFish 010418 WM_CTG"]
[EventType "Swiss"]
[WhiteTeam ""]
[BlackTeam ""]
[PlyCount "132"]
[TimeControl "720+1"]

1. e4 e6 2. d4 d5 3. Nc3 Nf6 4. e5 Nfd7 5. f4 c5 6. Nf3 Nc6 7. Be3 cxd4 
8. Nxd4 Qb6 9. Qd2 Qxb2 10. Rb1 Qa3 11. Bb5 Nxd4 12. Bxd4 a6 13. Bxd7+ Bxd7 
14. Rb3 Qe7 15. Rxb7 Rc8 16. O-O Qd8 17. f5 exf5 18. Qd3 Bc5 19. Bxc5 Rxc5 
20. Nxd5 Bc8 21. Re7+ Kf8 22. Qa3 Qa5 23. Qxa5 Rxa5 24. Rc7 Be6 25. Nf4 Rxe5 
26. Nxe6+ Rxe6 27. Rxf5 Re7 28. Rc8+ Re8 29. Rfc5 Ke7 30. R8c6 g6 31. Kf2 Ra8 
32. Rc7+ Kf6 33. Rc3 Kg7 34. Rf3 Rhf8 35. Kg3 Rae8 36. a4 Re5 37. h4 Ra5 
38. Rf4 h6 39. Rd4 Re8 40. Rf4 Rf8 41. Kf3 g5 42. hxg5 hxg5 43. Re4 Rd8 
44. Rec4 Kg6 45. R7c5 Rxc5 46. Rxc5 f6 47. a5 Rd4 48. Rc6 Kf5 49. Rxa6 Rc4 
50. Rb6 Rxc2 51. g3 g4+ 52. Ke3 Rc3+ 53. Kf2 Rf3+ 54. Kg2 Ra3 55. a6 Ra2+ 
56. Kf1 Ke5 57. Rb5+ Kd4 58. Rb4+ Ke3 59. Rb6 Ra1+ 60. Kg2 Ra2+ 61. Kf1 f5 
62. Kg1 f4 63. gxf4 Kxf4 64. Rb4+ Kf5 65. a7 Rxa7 66. Kf2 g3+ 1/2-1/2

[Event "Monday 02 April Rapid Engine Tour 12+1 Rounds 9 Starts 1600ST"]
[Site "Infinity Chess"]
[Date "2018.4.2"]
[Round "2"]
[White "Prometheus"]
[Black "marudam"]
[Result "1/2-1/2"]
[ECO "D45"]
[WhiteElo "2444"]
[BlackElo "2443"]
[WhiteEngine "Eman 1.70-beta13 64-bit BMI2"]
[BlackEngine "stockfish_CTG"]
[EventType "Swiss"]
[WhiteTeam ""]
[BlackTeam ""]
[PlyCount "261"]
[TimeControl "720+1"]

1. d4 d5 2. c4 e6 3. Nc3 Nf6 4. Nf3 c6 5. e3 Nbd7 6. Qc2 Be7 7. b3 b6 8. Bd3 O-O 
9. Bb2 Bb7 10. O-O h6 11. Rfd1 Rc8 12. Qe2 Re8 13. Ne5 Bd6 14. f4 Qe7 15. Rf1 c5 
16. Rf2 Rcd8 17. cxd5 cxd4 18. exd4 Nxd5 19. Nxd5 Bxd5 20. Bb5 g6 21. Re1 Rf8 
22. Bc4 Nf6 23. Bxd5 Nxd5 24. Nc6 Qh4 25. Nxd8 Rxd8 26. a4 h5 27. Bc1 Bf8 
28. g3 Qe7 29. Qf3 Qb4 30. Rd1 Rc8 31. Bb2 Qd6 32. Rc1 Rb8 33. Qd3 Qd7 
34. Qa6 Nb4 35. Qe2 Nd5 36. Qc4 Qb7 37. Qc6 Qe7 38. Re1 Rd8 39. Ree2 Qb4 
40. Rf3 Qe7 41. Qc2 Qd7 42. h3 Bg7 43. Rd2 Qd6 44. Qc1 Nf6 45. Qc4 Nd5 
46. Qf1 Qb4 47. Qc1 Qe7 48. Rc2 Qb7 49. Qd1 a6 50. Kh2 Bf6 51. h4 Qd7 
52. Qe2 Qb7 53. Rd2 b5 54. axb5 axb5 55. Rc2 b4 56. Rc5 Qa7 57. Rc4 Rb8 
58. Qd2 Qa2 59. Rd3 Qa6 60. Qe2 Ne7 61. Qc2 Nf5 62. Qe2 Qa2 63. Qg2 Qa6 
64. Qc2 Qb5 65. Rc5 Qa6 66. Rc7 Ra8 67. Kh3 Qa5 68. Qc5 Qa2 69. Qc2 Qa5 
70. Qc5 Qa2 71. Qc1 Qa5 72. Qc2 Qb5 73. Qc4 Qa5 74. Rc5 Qa2 75. Rd2 Rf8 
76. Qd3 Qa8 77. Kh2 Rd8 78. Rc4 Qb8 79. Qf3 Rd5 80. Rdc2 Rd8 81. Rc7 Qb5 
82. Rd2 Bxd4 83. Rd1 Qa5 84. Qc6 Qa2 85. Qc2 Qa6 86. Qc4 Qa2 87. Qc2 Qa6 
88. Rc6 Qb7 89. Qc4 Kh7 90. Bxd4 Nxd4 91. Rc7 Qe4 92. Rxf7+ Kh6 93. Kh3 Qf3 
94. Qc7 Qg4+ 95. Kg2 Rd7 96. Qe5 Qf3+ 97. Kh3 Rxf7 98. Qh8+ Rh7 99. Qf8+ Rg7 
100. Qh8+ Rh7 101. Qxd4 Rg7 102. Qd8 Qg4+ 103. Kg2 Qe2+ 104. Kh3 Qg4+ 
105. Kg2 Qe2+ 106. Kh3 Kh7 107. Qd3 Qg4+ 108. Kh2 Rc7 109. Qd6 Qe2+ 110. Kh3 Ra7 
111. Ra1 Rb7 112. Rd1 e5 113. Qd5 Qg4+ 114. Kh2 Ra7 115. fxe5 Qe2+ 116. Kh1 Re7 
117. Rd2 Qxe5 118. Qxe5 Rxe5 119. Rd4 Re3 120. Rxb4 Rxg3 121. Kh2 Rf3 
122. Kh1 Rf2 123. Kg1 Rb2 124. Rb8 g5 125. hxg5 h4 126. Rb6 Kg7 127. b4 h3 
128. Kh1 Rg2 129. b5 Rxg5 130. Rb8 Rg2 131. b6 1/2-1/2